 Seeded DCSS version 0.27-a0-200-g8ba017916c (webtiles) character file.

Game seed: 6991427449263385667 (custom seed)

71663 schets the Apostle (level 15, 0/141 HPs)
             Began as a Hill Orc Monk on Jan 30, 2021.
             Was a High Priest of Beogh.
             Slain by an orc knight
             ... wielding a +0 bardiche
              (35 damage)
             ... on level 2 of the Orcish Mines on Jan 31, 2021.
             The game lasted 01:34:08 (42220 turns).

schets the Apostle (Hill Orc Monk)                 Turns: 42220, Time: 01:34:08

Health: 0/141      AC: 17    Str: 31    XL:     15   Next: 37%
Magic:  27/27      EV:  6    Int: 10    God:    Beogh [*****.]
Gold:   2100       SH: 18    Dex: 13    Spells: 14/14 levels left

rFire    . . .     SeeInvis +   l - +4 eveningstar (holy)
rCold    . . .     Faith    +   u - +0 tower shield
rNeg     . . .     Spirit   .   w - +0 chain mail of Hivicroga {Str+4 SInv}
rPois    .         Reflect  .   s - +2 helmet
rElec    .         Harm     .   (no cloak)
rCorr    .         Rampage  .   y - +1 pair of gloves
Will     ++...                  a - +0 pair of boots
Stlth    ..........             r - amulet of faith
HPRegen  0.33/turn              p - ring of willpower
MPRegen  0.20/turn              d - +6 ring of strength

@: no status effects
A: walk on water
a: Renounce Religion, Smiting, Recall Orcish Followers, Give Item to Named
Follower


You were on level 2 of the Orcish Mines.
You worshipped Beogh.
Beogh was extremely pleased with you.
You visited 3 branches of the dungeon, and saw 23 of its levels.
You also visited: Ossuary and Volcano.

You collected 2374 gold pieces.
You spent 274 gold pieces at shops.

Inventory:

Hand Weapons
 l - a +4 eveningstar of holy wrath (weapon)
 B - a +0 war axe
 Y - a +2 quick blade of flaming
 Z - a +1 battleaxe of flaming
Missiles
 b - 4 javelins
 g - 34 boomerangs (quivered)
 k - 73 poisoned darts
 I - 12 atropa-tipped darts
 R - a throwing net
Armour
 a - a +0 pair of boots (worn)
 s - a +2 helmet (worn)
 u - a +0 tower shield (worn)
 w - the +0 chain mail of Hivicroga (worn) {Str+4 SInv}
   (You bought it in a shop on level 6 of the Dungeon)

   It affects your strength (+4).
   It lets you see invisible.
 y - a +1 pair of gloves (worn)
 L - a +0 pair of gloves
 X - a +2 kite shield of fire resistance
Jewellery
 d - a +6 ring of strength (right hand)
 p - a ring of willpower (left hand)
 r - an amulet of faith (around neck)
 D - an uncursed ring of resist corrosion
 V - an uncursed ring of resist corrosion
Wands
 f - a wand of enslavement (8)
 F - a wand of mindburst (12)
 G - a wand of acid (15)
 T - a wand of iceblast (18)
 W - a wand of paralysis (7)
Scrolls
 h - 9 scrolls of identify
 i - 3 scrolls of fear
 j - a scroll of acquirement {unknown}
 q - 5 scrolls of teleportation
 x - 2 scrolls of immolation
 E - a scroll of enchant armour
 H - 3 scrolls of blinking
 J - 2 scrolls of holy word {unknown}
 K - 2 scrolls of magic mapping
 N - a scroll of torment {unknown}
 O - a scroll of brand weapon {unknown}
 S - 3 scrolls of remove curse
Potions
 c - 8 potions of lignification
 e - 5 potions of invisibility
 m - 4 potions of haste
 n - a potion of brilliance
 t - 10 potions of curing
 v - 4 potions of resistance
 z - 3 potions of might
 A - a potion of ambrosia
 C - 3 potions of attraction
 M - 2 potions of magic
 P - 3 potions of flight
 Q - a potion of mutation
Miscellaneous
 o - a condenser vane
 U - a lightning rod (4/4)


   Skills:
 + Level 15.3 Fighting
 - Level 15.0(15.6) Axes
 + Level 6.5(10.6) Maces & Flails
 + Level 5.6 Throwing
 - Level 8.0 Armour
 - Level 2.4 Dodging
 - Level 5.3 Stealth
 + Level 7.1 Shields
 + Level 16.2 Invocations
 - Level 7.2 Evocations


You had 14 spell levels left.
You didn't know any spells.
Your spell library contained the following spells:

 Spells                   Type           Power        Failure   Level
 Corona                   Hex            0%           100%        1
 Corpse Rot               Necr/Air       N/A          100%        2
 Poisonous Vapours        Pois/Air       0%           100%        2
 Slow                     Hex            0%           100%        2
 Confusing Touch          Hex            0%           100%        3
 Gell's Gravitas          Tloc           0%           100%        3
 Ignite Poison            Fire/Tmut/Pois 0%           100%        3
 Inner Flame              Hex/Fire       0%           100%        3
 Portal Projectile        Hex/Tloc       0%           100%        3
 Spider Form              Tmut/Pois      0%           100%        3
 Static Discharge         Conj/Air       0%           100%        3
 Stone Arrow              Conj/Erth      0%           100%        3
 Cause Fear               Hex            0%           100%        4
 Leda's Liquefaction      Hex/Erth       0%           100%        4
 Petrify                  Tmut/Erth      0%           100%        4
 Bolt of Magma            Conj/Fire/Erth 0%           100%        5
 Borgnjor's Vile Clutch   Necr/Erth      0%           100%        5
 Lightning Bolt           Conj/Air       0%           100%        5
 Metabolic Englaciation   Hex/Ice        0%           100%        5
 Summon Forest            Summ/Tloc      0%           100%        5
 Yara's Violent Unravell  Hex/Tmut       0%           100%        5
 Eringya's Noxious Bog    Tmut/Pois      0%           100%        6
 Hydra Form               Tmut           0%           100%        6
 Iron Shot                Conj/Erth      0%           100%        6
 Statue Form              Tmut/Erth      0%           100%        6
 Summon Hydra             Summ           0%           100%        7
 Ignition                 Fire           0%           100%        8
 Shatter                  Erth           0%           100%        9
 Tornado                  Air            0%           100%        9


Dungeon Overview and Level Annotations

Branches:
Dungeon (15/15)            Temple (0/1) D:7            Lair (6/6) D:8
  Swamp (0/4) Lair:2       Spider (0/4) Lair:2        Slime (0/5) Lair:6
    Orc (2/2) D:9             Elf (0/3) Orc:2        Vaults (0/5) D:13
 Depths (0/5) D:15        Ossuary (visited)         Volcano (visited)

Altars:
Dithmenos
Fedhas
Hepliaklqana
Makhleb
Nemelex Xobeh
Qazlal
Trog
Uskayaw
The Shining One
Beogh

Shops:
D:6 [   D:9 *   D:12 ?   Orc:2 (*


Message History

The warg closely misses your orc warrior.
Your orc warrior hits the orc warrior with a +0 war axe!
Your orc warrior closely misses the warg.
Your orc warrior hits the orc knight with a +0 war axe.
Your orc warrior barely misses the orc warrior.
The orc warrior goes into a battle-frenzy!
The orc knight barely misses your orc warrior.
The bolt of negative energy hits your orc wizard!!
Your orc wizard is drained!
Your orc wizard dies!
A bolt of negative energy appears from out of your range of vision.
The bolt of negative energy hits your orc!!
Your orc is drained!
Your orc dies!
The bolt of negative energy hits your orc!!
Your orc is drained!
Your orc dies!
The orc knight hits you from afar with a +0 bardiche!!
You die...
Beogh appreciates the orc knight's killing of a heretic priest.

,,,,,,,,,,,,,,..........####o#o..
,,,,,,,,,,,,,,...........##oo....
***,***,***,#######......#.......
,,*,* *,* *,#....∩#...o...#o.....
,,*,***,***,#.....#..).o.........
,,*,,,,,,,,,#....,#o)oo..........
***,***,***,*..oo,#oo)...........
,,,,* *,* #.###o###ooo...........
,8,,* *,* #..hoo@o.o.oo..........
,,,,***,**#..##o###o)............
,,,,,,,,,,,,,#.)o.#o............#
***,*******,,#.).o#..............
* *,* *,,#...∩#..............
***,*******,,######..........,,,,
,,,,,,,,,,,,,,,,,,..........,,,,,
,,,,,,,,,,,,,,,,,,.........,,,,,,
************,,,,,,**,,,,,,,,,,,,,


You could see 2 orc knights, a warg, 2 orc warriors, the friendly Rocco the orc
warlord (strong), a friendly orc knight, the friendly Gorm the orc knight
(strong), 2 friendly orc warriors, the friendly Jorge the orc warrior (strong),
a friendly orc priest, a friendly orc wizard (strong) and a friendly orc
(strong).

Vanquished Creatures
  Rupert (Orc:2)
  Jorgrun (D:13)
  Gastronok (Lair:2)
  A red draconian (Volcano)
  An ogre mage (Volcano)
  3 hydras
  A centaur warrior (D:15)
  A catoblepas (Lair:6)
  7 two-headed ogres
  4 unseen horrors
  2 skeletal warriors (D:14)
  2 wizards (D:14)
  A deep elf pyromancer (D:12)
  An oklob plant (Lair:4)
  A cyclops (D:15)
  3 slime creatures
  Maurice (D:8)
  3 elephants
  A salamander (D:15)
  A gargoyle (D:13)
  2 black mambas
  Maggie (Lair:2)
  6 cane toads
  4 komodo dragons
  3 trolls
  Grinder (D:3)
  A polar bear (Lair:6)
  A blink frog (Lair:4)
  4 dream sheep (Lair:6)
  Sigmund (D:3)
  A human (D:14)
  A basilisk (Lair:4)
  14 yaks
  A vampire mosquito (D:12)
  4 wargs
  Edmund (D:4)
  An acid dragon (D:15)
  8 water moccasins
  2 hell hounds (Orc:2)
  2 ice beasts
  A black bear (D:11)
  A hornet zombie (D:15)
  4 sky beasts
  5 ogres
  8 orc warriors
  3 phantoms
  7 wolves
  6 centaurs
  3 big kobolds
  17 bullfrogs
  2 wyvern zombies
  2 water moccasin skeletons
  2 scorpions
  16 killer bees
  A water moccasin zombie (D:10)
  13 wights
  2 electric eels
  6 jellies
  A howler monkey (D:5)
  8 centaur zombies
  4 bullfrog zombies
  A hound (D:14)
  6 orc priests
  4 bullfrog skeletons
  A centaur skeleton (D:7)
  15 mummies
  2 iguanas (D:5)
  Ijyb (D:3)
  12 orc wizards
  11 worker ants
  3 hound zombies (Ossuary)
  2 worker ant zombies (Ossuary)
  12 adders
  A river rat (Lair:5)
  2 shadow imps
  4 ufetubi
  An ooze (D:2)
  5 adder zombies
  3 dart slugs
  7 worms
  2 leopard geckos
  41 orcs
  7 bats
  8 giant cockroaches
  7 goblins
  11 hobgoblins
  7 jackals
  8 quokkas
  2 ball pythons
  5 frilled lizards
  A jackal zombie (Ossuary)
  18 kobolds
  A leopard gecko skeleton (D:8)
  2 leopard gecko zombies
  2 quokka zombies
  9 rats
  A bush (Lair:4)
  A butterfly (D:7)
434 creatures vanquished.

Vanquished Creatures (collateral kills)
  Louise (D:15)
  A ghoul (D:14)
  A dire elephant (Lair:6)
  Snorg (Lair:6)
  A fire dragon (D:14)
  A great orb of eyes (D:15)
  A boulder beetle (Lair:2)
  7 hydras
  2 ogre magi
  6 two-headed ogres
  2 centaur warriors (D:14)
  3 death yaks (Lair:6)
  A tengu warrior (D:14)
  A deep troll shaman (Lair:6)
  2 skeletal warriors
  A wolf spider zombie (D:14)
  A deep elf archer (D:13)
  2 deep elf pyromancers (D:13)
  A deep elf zephyrmancer (D:13)
  3 orc knights
  3 ugly things
  A manticore (D:15)
  6 elephants
  2 cyclopes
  A shining eye (shapeshifter) (D:15)
  3 black mambas (Lair:6)
  9 cane toads
  2 centaur skeletons (D:13)
  3 rime drakes (Lair:6)
  7 komodo dragons
  3 trolls
  7 slime creatures
  7 blink frogs
  2 meliai zombies (D:15)
  4 dream sheep (Lair:6)
  A wraith (D:12)
  3 wyverns
  Grum (D:8)
  26 yaks
  A basilisk (Lair:2)
  A warg (Orc:1)
  5 vampire mosquitoes
  An acid dragon (D:13)
  5 water moccasins
  3 black bears
  2 orc warriors (Orc:2)
  An ice beast (D:13)
  2 phantoms
  A sky beast (D:15)
  5 ogres
  7 centaurs
  22 wolves
  A big kobold (D:8)
  6 bullfrogs
  A wyvern zombie (D:14)
  A water moccasin zombie (D:10)
  A wyvern skeleton (D:13)
  A scorpion (Lair:2)
  2 killer bees
  3 wights
  A jelly (D:14)
  A quasit (D:12)
  4 centaur zombies
  An orc priest (D:12)
  3 orc wizards
  4 worker ants
  A mummy (D:14)
  A white imp (D:10)
  An ufetubus (D:8)
  2 worms (Lair:2)
  7 orcs
  A giant cockroach (Lair:2)
  7 kobolds
  2 bushes
238 creatures vanquished.

Vanquished Creatures (others)
  4 orc knights
  A centaur skeleton (D:13)
  8 orc warriors
  4 orc priests
  7 orc wizards
  36 orcs
  A giant cockroach (D:3)
  A bush (Lair:6)
  72 fungi
  63 plants
  13 withered plants
210 creatures vanquished.

Grand Total: 882 creatures vanquished

Notes
Turn   | Place    | Note
-------+----------+-------------------------------------------
     0 | D:1      | schets the Hill Orc Monk began the quest for the Orb.
     0 | D:1      | Reached XP level 1. HP: 19/19 MP: 1/1
   391 | D:1      | You fall into a shaft and drop 1 floor!
   398 | D:2      | Reached XP level 2. HP: 27/27 MP: 2/2
   662 | D:2      | Noticed a moth of wrath
   684 | D:2      | Found a bloodstained altar of Trog.
   779 | D:2      | Reached XP level 3. HP: 26/33 MP: 3/3
  1558 | D:2      | Reached skill level 5 in Axes
  1641 | D:2      | Reached XP level 4. HP: 22/41 MP: 4/4
  3889 | D:3      | Noticed Grinder
  3932 | D:3      | Noticed Ijyb
  3968 | D:3      | Killed Ijyb
  3969 | D:3      | Reached skill level 5 in Fighting
  3969 | D:3      | Reached XP level 5. HP: 33/48 MP: 5/5
  4210 | D:3      | Noticed Sigmund
  4228 | D:3      | Killed Sigmund
  4229 | D:3      | Reached skill level 1 in Armour
  4229 | D:3      | Reached XP level 6. HP: 36/57 MP: 6/6
  4651 | D:4      | Noticed Edmund
  4656 | D:4      | Killed Edmund
  4796 | D:4      | Found a sparkling altar of Nemelex Xobeh.
  5389 | D:4      | Found a glowing golden altar of the Shining One.
  5446 | D:5      | Entered Level 5 of the Dungeon
  5475 | D:5      | Reached XP level 7. HP: 54/63 MP: 7/7
  6318 | D:5      | Noticed a +0 dagger
  6319 | D:5      | Noticed a +0 dagger
  6322 | D:5      | Found a hide-covered altar of Uskayaw.
  6816 | D:5      | Found a shadowy altar of Dithmenos.
  7731 | D:3      | Killed Grinder
  7732 | D:3      | Reached XP level 8. HP: 43/73 MP: 8/8
  8368 | D:6      | Found a sand-covered staircase.
  8377 | Ossuary  | Entered an ossuary
  9315 | Ossuary  | Reached XP level 9. HP: 74/82 MP: 9/9
 10056 | D:6      | Found a stormy altar of Qazlal.
 10472 | D:6      | Found Qayrghuwe's Armour Boutique.
 10497 | D:6      | Bought the cursed +0 chain mail of Hivicroga {Str+4 SInv}
                  | for 274 gold pieces
 10772 | D:6      | Found a hazy altar of Hepliaklqana.
 10852 | D:6      | Reached skill level 10 in Axes
 12158 | D:7      | Reached skill level 5 in Armour
 12459 | D:7      | Reached skill level 5 in Stealth
 12709 | D:7      | Reached skill level 1 in Throwing
 13096 | D:7      | Reached skill level 10 in Fighting
 13651 | D:7      | Found a staircase to the Ecumenical Temple.
 13823 | D:7      | Became a worshipper of Beogh the Brigand
 13823 | D:7      | Reached * piety under Beogh
 13823 | D:7      | Reached ** piety under Beogh
 13852 | D:7      | Found a glowing golden altar of the Shining One.
 14036 | D:8      | Found a staircase to the Lair.
 14308 | D:8      | Reached XP level 10. HP: 76/93 MP: 10/10
 15271 | D:8      | Noticed Grum
 15547 | D:8      | Reached *** piety under Beogh
 16455 | D:8      | Killed Grum
 16456 | D:8      | Reached skill level 1 in Invocations
 16655 | D:8      | Reached skill level 2 in Invocations
 16821 | D:8      | Noticed Maurice
 17175 | D:8      | Found a staircase to the Lair.
 17195 | D:8      | Killed Maurice
 17196 | D:8      | Reached skill level 3 in Invocations
 17798 | D:9      | Reached skill level 4 in Invocations
 18158 | D:9      | Found a staircase to the Orcish Mines.
 18400 | D:9      | Reached skill level 5 in Invocations
 18400 | D:9      | Reached skill level 1 in Evocations
 18533 | D:9      | Found Giom's General Store.
 18702 | D:10     | Entered Level 10 of the Dungeon
 18885 | D:10     | Reached XP level 11. HP: 41/102 MP: 15/15
 19159 | D:10     | Reached skill level 6 in Invocations
 19322 | D:10     | Noticed a cyclops
 19331 | D:10     | Killed a cyclops
 19941 | D:11     | Noticed a seven-headed hydra
 19947 | D:11     | Killed a seven-headed hydra
 19947 | D:11     | Reached **** piety under Beogh
 20085 | D:11     | Gained Marbork as an ally
 20189 | D:11     | Reached skill level 7 in Invocations
 20819 | Lair:1   | Entered Level 1 of the Lair of Beasts
 20889 | Orc:1    | Entered Level 1 of the Orcish Mines
 21445 | D:12     | Found Nodaeto's Magic Scroll Shoppe.
 21487 | D:12     | Noticed a seven-headed hydra
 21491 | D:12     | Killed a seven-headed hydra
 21577 | D:12     | Noticed a brown ugly thing
 21581 | D:12     | Reached skill level 8 in Invocations
 21591 | D:12     | Killed a brown ugly thing
 21873 | D:12     | Noticed a deep elf pyromancer
 21885 | D:12     | Killed a deep elf pyromancer
 21886 | D:12     | Reached skill level 5 in Evocations
 21889 | D:12     | Your ally Marbork died
 21895 | D:12     | HP: 2/104 [burnt (4)]
 22212 | D:12     | Noticed a red ugly thing
 22216 | D:12     | Gained Rocco as an ally
 22221 | D:12     | Killed a red ugly thing
 22688 | D:12     | Reached skill level 9 in Invocations
 22865 | D:12     | Noticed a two-headed ogre
 22873 | D:12     | Killed a two-headed ogre
 23085 | D:13     | Noticed a four-headed hydra
 23089 | D:13     | Killed a four-headed hydra
 23412 | D:13     | Noticed an unseen horror
 23421 | D:13     | Killed an unseen horror
 23422 | D:13     | Reached XP level 12. HP: 105/112 MP: 19/19
 23549 | D:13     | Reached skill level 10 in Invocations
 23615 | D:13     | Noticed Jorgrun
 23625 | D:13     | Killed Jorgrun
 23714 | D:13     | You fall into a shaft and drop 1 floor!
 23714 | D:14     | Noticed a tengu warrior
 24024 | D:14     | Found a blossoming altar of Fedhas.
 24161 | D:13     | Reached skill level 11 in Invocations
 24314 | D:13     | Noticed a two-headed ogre
 24315 | D:13     | Noticed an ogre mage
 24321 | D:13     | Killed a two-headed ogre
 24322 | D:13     | Noticed a two-headed ogre
 24323 | D:13     | Noticed a two-headed ogre
 24332 | D:13     | Killed an ogre mage
 24333 | D:13     | Killed a two-headed ogre
 24338 | D:13     | Killed a two-headed ogre
 24911 | D:13     | Found a gate to the Vaults.
 25195 | D:13     | Reached skill level 12 in Invocations
 25630 | D:14     | Noticed a centaur warrior
 25645 | D:14     | Killed a centaur warrior
 25952 | D:14     | Noticed a centaur warrior
 25957 | D:14     | Killed a centaur warrior
 25958 | D:14     | Reached XP level 13. HP: 97/122 MP: 22/22
 26177 | D:14     | Noticed a fire dragon
 26187 | D:14     | Killed a fire dragon
 26188 | D:14     | Reached skill level 13 in Invocations
 26284 | D:14     | HP: 4/122 [acid (15)]
 26421 | D:14     | Noticed a ghoul
 26434 | D:14     | Killed a ghoul
 27142 | D:14     | Gained Ogrik as an ally
 28216 | D:15     | Entered Level 15 of the Dungeon
 28328 | D:15     | Noticed Louise
 28334 | D:15     | Killed Louise
 28484 | D:15     | Reached skill level 14 in Invocations
 28559 | D:15     | Reached skill level 1 in Shields
 28785 | D:15     | Got a smoking copper ring
 28824 | D:15     | Identified the ring of Beamoh {rN+ Stlth+} (You found it on
                  | level 15 of the Dungeon)
 29088 | D:15     | Found a sparkling altar of Nemelex Xobeh.
 29433 | D:15     | Reached skill level 15 in Axes
 29508 | D:15     | Found a staircase to the Depths.
 29509 | D:15     | Noticed a great orb of eyes
 29712 | D:15     | Killed a great orb of eyes
 30958 | Lair:2   | Reached XP level 14. HP: 124/132 MP: 24/24
 30961 | Lair:2   | Reached skill level 1 in Maces & Flails
 31067 | Lair:2   | Found a hole to the Spider Nest.
 31272 | Lair:2   | Noticed Maggie
 31277 | Lair:2   | Killed Maggie
 31377 | Lair:2   | Found a staircase to the Swamp.
 31385 | Lair:2   | Reached skill level 15 in Invocations
 32218 | Lair:3   | Noticed Gastronok
 32516 | Lair:2   | Killed Gastronok
 36294 | Lair:6   | Entered Level 6 of the Lair of Beasts
 36297 | Lair:6   | Reached skill level 5 in Shields
 36297 | Lair:6   | Noticed Snorg
 36304 | Lair:6   | Killed Snorg
 36622 | Lair:6   | Reached ***** piety under Beogh
 38343 | Lair:6   | Gained Gorm as an ally
 38579 | Lair:6   | Reached skill level 5 in Maces & Flails
 39429 | Lair:6   | Found a staircase to the Slime Pits.
 39604 | Lair:6   | Reached skill level 15 in Fighting
 39604 | Lair:6   | Reached XP level 15. HP: 78/141 MP: 21/26
 39963 | Lair:6   | Identified the Reference Book on Poison and Earth
 40209 | Lair:6   | Reached skill level 5 in Throwing
 40447 | Orc:1    | Reached skill level 16 in Invocations
 40450 | Orc:1    | Found a burning altar of Makhleb.
 40840 | Orc:2    | Entered Level 2 of the Orcish Mines
 40869 | Orc:2    | Found a dark tunnel.
 40882 | Volcano  | Entered a volcano
 41897 | Orc:2    | Found a roughly hewn altar of Beogh.
 41899 | Orc:2    | Noticed Rupert
 41907 | Orc:2    | Killed Rupert
 42153 | Orc:2    | Gained Jorge as an ally
 42166 | Orc:2    | Found a staircase to the Elven Halls.
 42204 | Orc:2    | Found Esyehur's General Store.
 42204 | Orc:2    | Found Diogeulera's Antique Weapon Shoppe.
 42220 | Orc:2    | Slain by an orc knight

Illustrated notes

Levels and vault maps discovered:
D:1:      elethiomel_arrival_maze, layout_basic,
          wander_ebering_terrifying_dragon_lair
D:2:      layout_rooms, tgw_trog
D:3:      layout_loops_ring, uniq_grinder, uniq_sigmund, uniq_ijyb
D:4:      layout_basic, nicolae_overflow_hidden_temple, general_overflow_altar,
          uniq_edmund
D:5:      layout_loops_cross, dancing_weapons_uskayaw,
          grunt_dithmenos_smoke_and_mirrors
D:6:      layout_basic, old_standard_altar,
          lightli_ossuary_entry_decrepit_ruins, basic_altar, serial_shops,
          nicolae_shop_behind_doors, grunt_ministairs_7
D:7:      layout_rooms, minmay_temple_entry_butterflies, enter_bailey_4,
          nicolae_tso_swordbearing_angel
D:8:      layout_basic, erik_lair_orcish_takeover, nicolae_benzene_ring,
          serial_bayou_pond_e, uniq_grum, uniq_maurice
D:9:      layout_rooms, orc_0_dummy, serial_shops, nicolae_shop_behind_doors
D:10:     layout_roguey
D:11:     layout_basic
D:12:     layout_stronghold, serial_shops, shop, grunt_ogre_cave
D:13:     layout_gridville, hangedman_vaults_entry_quadrant_bands, uniq_jorgrun
D:14:     layout_loops_ring, serial_undead, serial_undead_d, serial_undead_c,
          serial_undead_b, serial_undead_c, serial_undead_d,
          kennysheep_decorative_pillar, grunt_livestock, fedhas_altar_3
D:15:     hangedman_depths_entry_try_elsewhere_first, layout_small_grid,
          basic_altar, uniq_louise
Lair:1:   layout_gridlike, grunt_megastairs_2
Lair:2:   layout_regular_city, swamp_mist_pool,
          nicolae_spider_entry_non_spiders, chequers_serial_rivers_micro_e,
          uniq_maggie
Lair:3:   layout_concentric_octagons, beast_lair_carwin_1, uniq_gastronok
Lair:4:   layout_loops_ring, minmay_lair_oklob_bushes, serial_bayou_shore_a,
          lemuel_fruit_fields
Lair:5:   layout_loops_ring, pond
Lair:6:   grunt_lair_end_beastmaster, layout_regular_city,
          dpeg_slime_entry_corner, st_stairs_4, uniq_snorg
Orc:1:    layout_caves, basic_altar
Orc:2:    st_orc_town, layout_diamond_mine, enter_volcano_3, mines1_david,
          uniq_rupert

Skill      XL: |  1  2  3  4  5  6  7  8  9 10 11 12 13 14 15 |
---------------+----------------------------------------------+-----
Fighting       | 4 5 6 7 8 10 11 12 13 14 15 | 15.3
Stealth        | 2 3 4 5 |  5.3
Axes           | 5 6 8 9 10 12 13 14 15 | 15.0
Armour         | 1 2 3 4 5 6 7 8 |  8.0
Throwing       | 1 2 4 5 |  5.6
Invocations    | 5 9 12 14 15 16 | 16.2
Evocations     | 2 5 7 |  7.2
Shields        | 2 6 7 |  7.1
Maces & Flails | 5 6 |  6.5
Dodging        | |  2.4

Action                   |  1- 3 |  4- 6 |  7- 9 | 10-12 | 13-15 || total
-------------------------+-------+-------+-------+-------+-------++-------
Melee: Hand axe          |    88 |   114 |   676 |       |       ||   878
       War axe           |       |       |    16 |   506 |   129 ||   651
       Morningstar       |       |       |       |     3 |       ||     3
       Eveningstar       |       |       |       |       |   431 ||   431
Throw: Javelin           |    18 |    27 |    17 |     3 |       ||    65
       Dart              |       |     9 |    38 |       |       ||    47
       Boomerang         |       |       |       |     1 |    18 ||    19
Invok: Convert to Beogh  |       |       |     1 |       |       ||     1
       Smiting           |       |       |       |    19 |    22 ||    41
       Recall Orcish Fol |       |       |       |     2 |    10 ||    12
       Give Item to Name |       |       |       |       |     3 ||     3
Evoke: Wand              |       |     8 |       |     5 |     3 ||    16
       Lightning rod     |       |       |       |       |     2 ||     2
  Use: Potion            |     3 |     2 |     2 |     3 |     2 ||    12
       Scroll            |       |     2 |    11 |    16 |    11 ||    40
 Stab: Sleeping          |     3 |     2 |       |       |       ||     5
       Distracted        |       |       |       |     4 |     5 ||     9
       Fleeing           |       |       |       |       |     1 ||     1
       Petrified         |       |       |       |       |     4 ||     4
Armor: Robe              |    27 |     4 |       |       |       ||    31
       Chain mail        |       |    46 |   385 |   316 |   352 ||  1099
Dodge: Dodged            |    68 |    51 |   304 |   264 |   170 ||   857
Block: Tower shield      |       |       |       |       |   484 ||   484

Table legend: (Time is in decaauts)
 A = Elapsed time spent in this place.
 B = Non-inter-level travel time spent in this place.
 C = Inter-level travel time spent in this place.
 D = Time resting spent in this place.
 E = Time spent auto-exploring this place.
 F = Levels seen in this place.
 G = Mean time per level.
                   A        B        C        D        E       F      G
               +--------+--------+--------+--------+--------+-----+--------+
         Total |  42438 |  39518 |   2920 |  20858 |  12847 |  25 | 1697.5 |
       Dungeon |  29324 |  27474 |   1850 |  15359 |   8276 |  15 | 1954.9 |
          Lair |   9942 |   8885 |   1057 |   3828 |   3783 |   6 | 1657.0 |
  Orcish Mines |    952 |    940 |     12 |    273 |    433 |   2 |  476.0 |
       Ossuary |   1334 |   1334 |      0 |    896 |    142 |   1 | 1334.0 |
       Volcano |    883 |    883 |      0 |    501 |    213 |   1 |  883.0 |
               +--------+--------+--------+--------+--------+-----+--------+

Top non-repeatable levels by time:
    D:13: 3019 daAuts
     D:8: 2930 daAuts
     D:6: 2897 daAuts
     D:2: 2538 daAuts
     D:7: 2406 daAuts
    D:14: 2306 daAuts
    D:12: 2205 daAuts
  Lair:6: 2188 daAuts
  Lair:3: 2132 daAuts
     D:3: 1990 daAuts
     D:5: 1902 daAuts
    D:15: 1733 daAuts
  Lair:2: 1648 daAuts
  Lair:5: 1561 daAuts
 Ossuary: 1334 daAuts
